 Dungeon Crawl Stone Soup version 0.32-a0-312-g1d7162e751 (webtiles) character file.

Game seed: 11500015991058776806

2124 GordonOverkill the Sneak (level 9, -5/66 HPs)
             Began as a Spriggan Delver on Feb 15, 2024.
             Killed by divine providence
             ... invoked by an orc priest
              (16 damage)
             ... on level 6 of the Dungeon.
             The game lasted 00:21:59 (7980 turns).

GordonOverkill the Sneak (Spriggan Delver)          Turns: 7980, Time: 00:22:00

Health: -5/66      AC: 24    Str:  8    XL:     9   Next: 8%
Magic:  16/16      EV:  4    Int: 16    God:
Gold:   359        SH:  0    Dex: 16    Spells: 11/16 levels left

rFire   . . .        B - +0 rapier
rCold   . . .        (no shield)
rNeg    . . .        b - melded +0 robe
rPois   +            (helmet currently unavailable)
rElec   .            (cloak currently unavailable)
rCorr   .            (gloves unavailable)
SInv    +            (boots unavailable)
Will    +....        (no amulet)
Stlth   ++++         (no ring)
HPRegen 0.31/turn    (no ring)
MPRegen 0.15/turn

%: no passive effects
@: tree-form
A: stationary, stasis, torment immunity, boosted hp, very small, no large
weapons, unfitting armour, see invisible, (speed 3)
a: Convert to Beogh


You were on level 6 of the Dungeon.
You were a tree.
You visited 1 branch of the dungeon, and saw 6 of its levels.

You collected 359 gold pieces.

Inventory:

Hand Weapons
 a - a +0 short sword
 x - a +2 heavy sling
 B - a +0 rapier (weapon)
Missiles
 j - a throwing net
 p - a poisoned dart (quivered)
Armour
 b - a +0 robe (melded)
Jewellery
 e - a ring of ice
 s - an amulet of the acrobat
Wands
 g - a wand of digging (3)
 y - a wand of polymorph (10)
Scrolls
 c - a scroll of fog
 d - a scroll of immolation {unknown}
 h - 2 scrolls of blinking
 i - a scroll of amnesia
 k - a scroll of butterflies {unknown}
 l - 4 scrolls of teleportation
 m - a scroll of revelation
 q - a scroll of enchant armour {unknown}
 v - a scroll of vulnerability
Potions
 f - a potion of haste
 n - a potion of enlightenment
 o - a potion of attraction
 r - a potion of might
 w - a potion of cancellation
 z - a potion of invisibility


   Skills:
 - Level 3.0 Fighting
 - Level 2.2 Short Blades
 - Level 2.6 Dodging
 - Level 7.2 Stealth
 - Level 4.0 Spellcasting
 - Level 4.7 Conjurations
 - Level 6.0 Necromancy
 + Level 5.1 Earth Magic
 - Level 3.0 Evocations


You had 11 spell levels left.
You knew the following spells:

 Your Spells              Type           Power      Damage    Failure   Level
a - Borgnjor's Vile Clut  Necr/Erth      10%        N/A       43%         5

Your spell library contained the following spells:

 Spells                   Type           Power      Damage    Failure   Level
 Summon Small Mammal      Summ           12%        N/A       17%         1
 Call Canine Familiar     Summ           3%         N/A       45%         3
 Summon Blazeheart Golem  Fire/Summ      3%         N/A       86%         4
 Alistair's Intoxication  Alch           2%         N/A       99%         5
 Eringya's Noxious Bog    Alch           1%         4d6       100%        6


Dungeon Overview and Level Annotations

Branches:
Dungeon (6/15)
 Temple: D:4-7

Altars:
Cheibriados
Dithmenos
Elyvilon
Fedhas
Ru
Yredelemnul


Innate Abilities, Weirdness & Mutations

You are a tree.
Your roots penetrate the ground, keeping you stationary.
You cannot be teleported.
You are immune to unholy pain and torment.
Your maximum health is greatly increased.
Your equipment is partially melded.
You are very small and have problems with some larger weapons.
You are too small for most types of armour.
You have supernaturally acute eyesight. (SInv)
((You cover ground extremely quickly. (Speed+++)))


Message History

Throw: 4 darts (poison)
Press: ? - help, Q - select action, (/) - cycle Shift-Dir - straight line, f/p - orc priest
Aim: an orc priest, wielding a +0 hand axe and wearing a +2 ring mail of poison resistance (61% to hit)
You throw a poisoned dart. The poisoned dart hits the orc priest.
The orc priest shouts, "Surrender to Beogh and we'll let you live!"
The howler monkey barely misses you.
The orc priest hits you but does no damage.
The orc priest shouts, "Surrender to Beogh and we'll let you live!"
Throw: 3 darts (poison)
Press: ? - help, Q - select action, (/) - cycle Shift-Dir - straight line, f/p - orc priest
Aim: an orc priest, wielding a +0 hand axe and wearing a +2 ring mail of poison resistance (61% to hit)
You throw a poisoned dart.
The poisoned dart barely misses the orc priest.
The howler monkey hits you but does no damage.
The orc priest barely misses you.
Throw: 2 darts (poison)
Press: ? - help, Q - select action, (/) - cycle Shift-Dir - straight line, f/p - orc priest
Aim: an orc priest, wielding a +0 hand axe and wearing a +2 ring mail of poison resistance (61% to hit)
You throw a poisoned dart. The poisoned dart hits the orc priest.
The orc priest is poisoned.
The howler monkey barely misses you.
The orc priest hits you but does no damage.
The howler monkey hoots and howls with incredible vigour!
You hear a shout!
You hear an angry hiss.
You hear a shout! x4
You closely miss the orc priest.
The howler monkey hits you but does no damage.
The orc priest hits you but does no damage.
You closely miss the orc priest.
The howler monkey hoots and howls with incredible vigour!
The orc priest hits you with a +0 hand axe.
* * * LOW HITPOINT WARNING * * *
The orc priest threatens, "Beogh's wrath is as vast as their mercy.
Make your choice!"
You hear a shout!
You hear an angry hiss.
You hear a shout!
You hit the orc priest but do no damage.
The orc priest is lightly wounded.
The howler monkey hits you.
* * * LOW HITPOINT WARNING * * *
The orc priest mumbles some strange prayers to Beogh against you.
Beogh smites you!
You die...

,,,,#**,,** #.######..##.#,,,,,,
***,.#,,** #.#(.....##*.#,,,,,,
**F.,** #.#.####.# *,^,,,_,,
*#.** #.#.# #.# *,*.,,,,,
##.*#######.#.####.# *,*..,,,,
#!.,.............#.# *,*,,,,,,
#..########.#.##(#.###.####### *
#>..........#o##.#.###........
***#..##########♣##.#.#######.##.
,.f...,#########h##.#.######.#.##
###...,...§§.#..............###..
**##.#,**#.§§...........####.#.##
*,,..,** #._§.÷####.###.#####.###
*,###** #.§.#)# ##.###S#.....###
*,* #####.# #..###.#.#######
*,***********#.###.####.#.#######
*,,,,,,,,,,,*#..........#.#######


You could see a howler monkey and an orc priest (poisoned).

Vanquished Creatures
  The ghost of Kenran the Trooper, a novice MiHW of Hepliaklqana (D:5)
  Grinder (D:5)
  A water moccasin (D:5)
  An ice beast (D:5)
  An ogre (D:5)
  A centaur (D:6)
  3 phantoms
  A bullfrog (D:6)
  3 scorpions
  9 hounds
  An orc priest (D:4)
  2 bombardier beetles
  A jelly (D:5)
  An iguana (D:5)
  3 orc wizards (D:5)
  A mummy (D:6)
  Robin (D:4)
  2 gnolls (D:3)
  9 adders
  4 ribbon worms
  3 dart slugs
  13 orcs
  4 endoplasms
  2 giant cockroaches (D:2)
  18 goblins
  6 hobgoblins
  3 jackals (D:3)
  10 kobolds
  4 quokkas
  9 ball pythons
  9 bats
  6 frilled lizards
  3 rats
137 creatures vanquished.

Notes
Turn   | Place    | Note
-------+----------+-------------------------------------------
     0 | D:5      | GordonOverkill the Spriggan Delver began the quest for the
                  | Orb.
     0 | D:5      | Reached XP level 1. HP: 11/11 MP: 2/2
    12 | D:6      | Found a blossoming altar of Fedhas.
    15 | D:6      | Reached XP level 2. HP: 16/16 MP: 3/3
    60 | D:6      | Noticed a howler monkey
    94 | D:6      | Noticed a scorpion
   258 | D:5      | Noticed an ice beast
   350 | D:5      | Noticed a phantom
   352 | D:5      | Killed a phantom
   353 | D:5      | Reached XP level 3. HP: 11/20 MP: 4/8
   353 | D:5      | Reached XP level 4. HP: 14/24 MP: 4/9
   399 | D:5      | Noticed Grinder
   405 | D:5      | Killed Grinder
   406 | D:5      | Reached XP level 5. HP: 28/28 MP: 10/10
   406 | D:5      | Reached XP level 6. HP: 32/32 MP: 11/11
   414 | D:5      | Found a basalt altar of Yredelemnul.
   560 | D:6      | Found a shadowy altar of Dithmenos.
   620 | D:6      | Noticed an ice beast
   747 | D:6      | Noticed a water moccasin
   750 | D:6      | Noticed a sky beast
   803 | D:5      | Reached XP level 7. HP: 22/36 MP: 14/14
  1518 | D:1      | Learned a level 5 spell: Borgnjor's Vile Clutch
  2392 | D:2      | Reached skill level 1 in Necromancy
  3283 | D:2      | Reached skill level 1 in Earth Magic
  4233 | D:3      | Found a white marble altar of Elyvilon.
  5265 | D:3      | Found a sacrificial altar of Ru.
  5746 | D:4      | Found a snail-covered altar of Cheibriados.
  5789 | D:4      | Reached XP level 8. HP: 30/40 MP: 15/15
  6160 | D:4      | Noticed Robin
  6741 | D:4      | Killed Robin
  7001 | D:5      | Found a runed translucent door.
  7002 | D:5      | Noticed Kenran's ghost (novice MiHW)
  7250 | D:5      | Reached skill level 5 in Necromancy
  7709 | D:5      | Killed Kenran's ghost
  7710 | D:5      | Reached skill level 5 in Earth Magic
  7710 | D:5      | Reached XP level 9. HP: 20/44 MP: 16/16
  7980 | D:6      | Killed from afar by an orc priest

Illustrated notes

Levels and vault maps discovered:
D:1:      minmay_arrival_four_circles, layout_basic, minmay_bisected
D:2:      layout_basic, chequers_serial_rivers_micro_c
D:3:      wad_river_or_something, layout_basic, elyvilon_altar_3,
          nicolae_ru_the_path_less_chosen, serial_rivers,
          chequers_serial_rivers_large_a, chequers_serial_rivers_room_b,
          chequers_serial_rivers_micro_d, chequers_serial_rivers_micro_a
D:4:      layout_basic, kennysheep_slug_shrine, uniq_robin
D:5:      minmay_skewed_foursquare, layout_loops_ring,
          mainiacjoe_overflow_paths, gammafunk_ghost_grave, uniq_grinder
D:6:      layout_loops_ring, grunt_dithmenos_smoke,
          mainiacjoe_overflow_cross_hatched, lemuel_tele_altar,
          gup_ossuary_entry_pyramid, minmay_alternating_orb

Skill      XL: |  1  2  3  4  5  6  7  8  9 |
---------------+----------------------------+-----
Fighting       | 3 |  3.0
Evocations     | 3 |  3.0
Spellcasting   | 2 3 4 |  4.0
Conjurations   | 3 4 |  4.7
Necromancy     | 3 5 6 |  6.0
Earth Magic    | 2 5 |  5.1
Short Blades   | |  2.2
Dodging        | |  2.6
Stealth        | |  7.2

Action                     |  1- 3 |  4- 6 |  7- 9 || total
---------------------------+-------+-------+-------++-------
  Melee: Short sword       |     2 |    22 |   503 ||   527
         Rapier            |       |       |     6 ||     6
   Fire: Sling             |       |       |   112 ||   112
  Throw: Dart              |       |       |    19 ||    19
  Evoke: Wand              |     1 |     6 |    11 ||    18
    Use: Scroll            |       |     1 |    14 ||    15
         Potion            |       |       |     3 ||     3
   Stab: Sleeping          |     2 |     3 |    29 ||    34
         Invisible         |       |     1 |     1 ||     2
 Armour: Robe              |     1 |    17 |   201 ||   219
         Skin              |       |       |    23 ||    23
  Dodge: Dodged            |       |    27 |   439 ||   466

Table legend: (Time is in decaauts)
 A = Elapsed time spent in this place.
 B = Non-inter-level travel time spent in this place.
 C = Inter-level travel time spent in this place.
 D = Time resting spent in this place.
 E = Time spent auto-exploring this place.
 F = Levels seen in this place.
 G = Mean time per level.
                   A        B        C        D        E       F      G
               +--------+--------+--------+--------+--------+-----+--------+
         Total |   5948 |   5702 |    246 |   1663 |   1919 |   6 |  991.3 |
       Dungeon |   5948 |   5702 |    246 |   1663 |   1919 |   6 |  991.3 |
               +--------+--------+--------+--------+--------+-----+--------+

Top non-repeatable levels by time:
     D:3: 1345 daAuts
     D:5: 1272 daAuts
     D:2: 1188 daAuts
     D:4: 1150 daAuts
     D:1: 679 daAuts
     D:6: 312 daAuts
